 Dungeon Sprint DCSS version 0.23-a0-396-g5214e5f (webtiles) character file.

3100000 namelastname112 the Slayer (level 15, -19/151 HPs)
             Began as a Demonspawn Monk on Nov 2, 2018.
             Was an Elder of Makhleb.
             Demolished by The Servant
             ... wielding a +9 glaive of flaming
              (35 damage)
             ... in the Dungeon (Sprint VIII: "Arena of Blood").
             The game lasted 00:00:32 (31 turns).

namelastname112 the Slayer (Demonspawn Monk)          Turns: 31, Time: 00:00:33

Health: -19/151    AC:  5    Str: 14    XL:     15   Next: 56%
Magic:  15/15      EV: 39    Int: 11    God:    Makhleb [****..]
Gold:   0          SH:  0    Dex: 25    Spells: 14/14 levels left

rFire    . . .     SeeInvis .   i - +∞ Axe of Woe
rCold    . . .     Gourm    .   (shield currently unavailable)
rNeg     . . .     Faith    .   a - +0 robe
rPois    .         Spirit   .   (no helmet)
rElec    .         Reflect  .   (no cloak)
rCorr    .         Harm     .   (no gloves)
MR       +....     NoTele   +   (boots unavailable)
Stlth    ++++++++..             (no amulet)
HPRegen  0.35/turn              (no ring)
MPRegen  0.14/turn              (no ring)

@: agile
A: hooves 3, thin metallic scales 2, nightstalker 2, powered by pain 2
a: Minor Destruction, Lesser Servant of Makhleb, Major Destruction, Renounce
Religion


You were in the Dungeon.
You worshipped Makhleb.
Makhleb was greatly pleased with you.
You were not hungry.

You visited 1 branch

Inventory:

Hand Weapons
 i - the +∞ Axe of Woe (weapon)
   (You found it in the Dungeon)
Armour
 a - a +0 robe (worn)
Scrolls
 h - a scroll of blinking
Potions
 c - a potion of curing
 d - a potion of heal wounds
 e - a potion of haste
 f - 2 potions of magic
 g - a potion of berserk rage
Comestibles
 b - a ration


   Skills:
 + Level 24.1 Fighting
 + Level 10.7 Axes
 + Level 22.1 Dodging
 + Level 10.6 Stealth
 + Level 21.6 Unarmed Combat


You had 14 spell levels left.
You didn't know any spells.
Your spell library was empty.

Dungeon Overview and Level Annotations

Branches:
Dungeon (1/1)

Altars:
Makhleb

Annotations:
D The Servant


Innate Abilities, Weirdness & Mutations

You have hooves in place of feet.
You are mostly covered in thin metallic scales. (AC +3)
You are significantly more attuned to the shadows.
You sometimes gain power by taking damage.


Message History

You hear a shout! x12
The destroyer appears out of thin air!
A destroyer comes into view.
It is wielding a +9 great sword of slicing.
You hear a shout!
You hear a shout! x13
You hear a shout! x6
You hear a shout! x6
You hear a shout! x11
Harold the Weathered comes into view.
He is wielding a +9 glaive of flaming.
You hear two shouts!
You hear a shout! x13
You hear a shout! x15
The Servant shouts!
You hear a shout! x4
The Servant hits you from afar with a +9 glaive of flaming!!!!
Ouch! That really hurt!
* * * LOW HITPOINT WARNING * * *
You focus on the pain.
You feel agile all of a sudden. The Servant burns you!!
You die...

.. .. #.. ..#
#.. ...# .###..
...###.
......###......
....._.....
#.....# .
#_.@._# .
....#@.).)#....
......)_)......
......###......
.###.. ...###.
#.. ...# #. ..#
.. .o .. o.


You could see The Servant.

Vanquished Creatures
  7 orcs (D)
7 creatures vanquished.

Notes
Turn   | Place    | Note
-------+----------+-------------------------------------------
     0 | D        | Found the +∞ Axe of Woe
     0 | D        | namelastname112 the Demonspawn Monk began the quest for the
                  | Orb.
     0 | D        | Reached XP level 1. HP: 18/18 MP: 1/1
     2 | D        | Noticed a bag of meat
     2 | D        | Noticed a bag of meat
     2 | D        | Noticed a bag of meat
     4 | D        | Became a worshipper of Makhleb the Destroyer
     4 | D        | Reached * piety under Makhleb
     4 | D        | Reached ** piety under Makhleb
     4 | D        | Noticed a bag of meat
     4 | D        | Noticed a bag of meat
     6 | D        | Noticed a bag of meat
     7 | D        | Killed a bag of meat
     7 | D        | Reached skill level 16 in Fighting
     7 | D        | Reached skill level 15 in Dodging
     7 | D        | Gained mutation: You are partially covered in thin metallic
                  | scales. (AC +2) [demonic ancestry]
     7 | D        | Reached XP level 2. HP: 46/46 MP: 2/2
     7 | D        | Gained mutation: You sometimes gain a little power by
                  | taking damage. [demonic ancestry]
     7 | D        | Reached XP level 3. HP: 52/52 MP: 3/3
     7 | D        | Reached XP level 4. HP: 59/59 MP: 4/4
     7 | D        | Reached XP level 5. HP: 65/65 MP: 5/5
     7 | D        | Gained mutation: You are slightly more attuned to the
                  | shadows. [demonic ancestry]
     7 | D        | Reached XP level 6. HP: 72/72 MP: 6/6
     7 | D        | Gained mutation: You sometimes gain power by taking damage.
                  | [demonic ancestry]
     7 | D        | Reached XP level 7. HP: 79/79 MP: 7/7
     7 | D        | Gained mutation: You are significantly more attuned to the
                  | shadows. [demonic ancestry]
     7 | D        | Reached XP level 8. HP: 86/86 MP: 8/8
     7 | D        | Gained mutation: You have large cloven feet. [demonic
                  | ancestry]
     7 | D        | Reached XP level 9. HP: 92/92 MP: 9/9
     7 | D        | Gained mutation: You are mostly covered in thin metallic
                  | scales. (AC +3) [demonic ancestry]
     7 | D        | Reached XP level 10. HP: 99/99 MP: 10/10
     7 | D        | Gained mutation: You have hoof-like feet. [demonic
                  | ancestry]
     7 | D        | Reached XP level 11. HP: 105/105 MP: 11/11
     7 | D        | Killed a bag of meat
     7 | D        | Reached skill level 18 in Fighting
     7 | D        | Reached skill level 5 in Axes
     7 | D        | Reached XP level 12. HP: 117/117 MP: 12/12
     8 | D        | Killed a bag of meat
     8 | D        | Reached skill level 20 in Fighting
     8 | D        | Reached XP level 13. HP: 80/127 MP: 13/13
     8 | D        | Killed a bag of meat
     8 | D        | Reached *** piety under Makhleb
     8 | D        | Reached skill level 21 in Fighting
     8 | D        | Gained mutation: You have hooves in place of feet. [demonic
                  | ancestry]
     8 | D        | Reached XP level 14. HP: 129/138 MP: 14/14
     8 | D        | Killed a bag of meat
     8 | D        | Reached skill level 22 in Fighting
     9 | D        | Killed a bag of meat
     9 | D        | Reached skill level 23 in Fighting
     9 | D        | Reached skill level 10 in Stealth
     9 | D        | Reached XP level 15. HP: 149/149 MP: 15/15
    13 | D        | Reached **** piety under Makhleb
    13 | D        | Reached skill level 24 in Fighting
    13 | D        | Reached skill level 10 in Axes
    24 | D        | Noticed a destroyer
    28 | D        | Noticed The Servant
    31 | D        | Demolished by The Servant

Vault maps used:
D:        meatsprint

Skill      XL: |  1  2  3  4  5  6  7  8  9 10 11 12 13 14 15 |
---------------+----------------------------------------------+-----
Fighting       | 16 18 20 21 23 24 | 24.1
Axes           | 3 5 6 7 9 10 | 10.7
Dodging        | 15 17 18 19 21 22 | 22.1
Stealth        | 7 8 9 10 | 10.6
Unarmed Combat | 14 16 18 19 20 21 | 21.6

Action                   |  1- 3 |  4- 6 |  7- 9 | 10-12 | 13-15 || total
-------------------------+-------+-------+-------+-------+-------++-------
Melee: Executioner's axe |     1 |       |       |     1 |     2 ||     4

Table legend:
 A = Non-vault XP
 B = Vault XP
 C = Vault XP percentage of total XP
 D = Non-vault monster count
 E = Vault monster count
 F = Vault count percentage of total count
                 A         B        C        D         E       F
            +---------+---------+-------+---------+---------+-------
      Total |   93800 |   37520 |  28.6 |       5 |       2 |  28.6
            +---------+---------+-------+---------+---------+-------
          D |   93800 |   37520 |  28.6 |       5 |       2 |  28.6
            +---------+---------+-------+---------+---------+-------
